WCHLSIM.com - West Coast Hockey League
html PUBLIC "-//W3C//DTD XHTML 1.0 Transitional//EN" "http://www.w3.org/TR/xhtml1/DTD/xhtml1-transitional.dtd"> WCHL - Game 626 - SEATTLE GRUNGE vs COLORADO GLACIERCATS

SEATTLE GRUNGE vs COLORADO GLACIERCATS

Created - 12 février 2021 at 22:24

Goals
1 2 3 T
SEATTLE GRUNGE 2 0 1 3
COLORADO GLACIERCATS 0 0 0 0
Shots
1 2 3 T
SEATTLE GRUNGE 11 10 5 26
COLORADO GLACIERCATS 9 2 5 16

1st period

1. SEATTLE GRUNGE , Vladislav Namestnikov 6 (Carl Hagelin 8, Morgan Geekie 7) at 14:30
2. SEATTLE GRUNGE , Morgan Geekie 4 (Vladislav Namestnikov 13, Carl Hagelin 9) at 17:23

Penalties :
Devon Toews (COL) for High sticking (Double Minor) at 10:07

2nd period

No Goal

Penalties :
Ryan Ellis (COL) for Tripping (Minor) at 0:23, David Savard (SEA) for Hooking (Minor) at 8:16, Travis Sanheim (SEA) for Slashing (Minor) at 19:48

3rd period

3. SEATTLE GRUNGE , Roman Josi 13 (Wayne Simmonds 10, Tyler Seguin 19) at 12:48 (PP)

Penalties :
Johnny Boychuk (COL) for Hooking (Minor) at 12:38

Goalie Stats

Semyon Varlamov (SEA), 16 saves from 16 shots - (1,000), W, 15-14-4, 60:00 minutes
Darcy Kuemper (COL), 23 saves from 26 shots - (0,885), L, 10-11-3, 60:00 minutes

Players Stats for SEATTLE GRUNGE

Player Name              G  A  P  +/- PIM S  H  SB GA TA FO     MP     PP MP  PK MP  
------------------------------------------------------------------------------------
Carl Hagelin             0  2  2   2  0   1  0  1  0  0  1/1    13:38   0:00   1:27 
Chris Tierney            0  0  0   0  0   0  1  0  0  0  7/20   19:46   3:42   0:00 
Damon Severson           0  0  0   0  0   3  1  4  0  0  0/0    22:27   3:26   1:48 
David Savard             0  0  0   1  2   0  2  4  0  0  0/0    22:00   2:16   1:20 
Jake Guentzel            0  0  0   0  0   2  0  0  0  0  1/2    19:46   3:42   0:00 
Jason Spezza             0  0  0   0  0   0  0  0  0  0  3/10    6:46   0:00   1:27 
Josh Bailey              0  0  0   0  0   1  0  0  0  0  0/1    19:46   3:42   0:00 
Marcus Sorensen          0  0  0   0  0   0  0  0  0  0  0/0     5:19   0:00   0:00 
Matthew Grzelcyk         0  0  0   1  0   0  1  1  0  0  0/0    14:54   0:38   0:00 
Mike Hoffman             0  0  0   0  0   2  0  0  0  0  0/1    18:46   2:26   0:00 
Morgan Geekie            1  1  2   2  0   2  0  0  0  0  5/16   14:42   0:00   2:31 
Roman Josi               1  0  1   1  0   5  0  1  0  0  0/0    24:42   3:52   2:25 
Slater Koekkoek          0  0  0   1  0   0  1  1  0  0  0/0    15:45   0:00   1:29 
Travis Sanheim           0  0  0   0  2   0  0  1  0  0  0/0    20:10   2:04   0:54 
Trevor Lewis             0  0  0   0  0   0  1  0  0  0  0/0     5:31   0:12   0:00 
Tyler Seguin             0  1  1   0  0   2  0  0  0  0  11/16  18:46   2:26   0:00 
Vladislav Namestnikov    1  1  2   2  0   5  0  0  0  0  0/0    14:42   0:00   2:31 
Wayne Simmonds           0  1  1   0  0   3  2  0  0  0  0/0    18:34   2:14   0:00 

Players Stats for COLORADO GLACIERCATS

Player Name              G  A  P  +/- PIM S  H  SB GA TA FO     MP     PP MP  PK MP  
------------------------------------------------------------------------------------
Alex Iafallo             0  0  0   0  0   1  0  0  0  0  0/0    18:02   1:44   0:00 
Brayden Schenn           0  0  0  -2  0   3  1  0  0  0  2/3    22:02   2:14   0:00 
Cedric Paquette          0  0  0   0  0   0  1  0  0  0  4/6    13:14   0:00   0:00 
Devon Toews              0  0  0  -1  4   0  0  0  0  0  0/0    19:35   1:53   0:58 
Dustin Brown             0  0  0  -2  0   1  2  0  0  0  0/2    16:29   0:00   0:00 
Erik Johnson             0  0  0   0  0   2  4  3  0  0  0/0    23:27   2:05   3:06 
Ilya Lyubushkin          0  0  0   0  0   0  0  0  0  0  0/0     0:00   0:00   0:00 
Johnny Boychuk           0  0  0   0  2   2  2  1  0  0  0/0    20:50   0:54   2:52 
Joonas Donskoi           0  0  0   0  0   0  0  0  0  0  1/3    20:59   0:43   3:24 
Leon Draisaitl           0  0  0  -2  0   2  0  0  0  0  13/18  19:44   3:15   0:00 
Luke Glendening          0  0  0   0  0   0  0  1  0  0  3/6    15:58   0:00   2:44 
Michael Matheson         0  0  0  -1  0   0  1  0  0  0  0/0    17:59   0:00   3:06 
Ross Johnston            0  0  0   0  0   0  0  0  0  0  0/0     3:53   0:00   0:00 
Ryan Ellis               0  0  0  -1  2   2  2  1  0  0  0/0    23:08   2:59   2:14 
Sam Gagner               0  0  0   0  0   0  0  0  0  0  3/3     3:53   0:00   0:00 
Scott Laughton           0  0  0   0  0   0  0  0  0  0  2/5    17:42   1:44   2:44 
Tomas Hertl              0  0  0   0  0   3  0  0  0  0  11/21  21:56   2:14   3:24 
Zach Bogosian            0  0  0  -1  0   0  0  1  0  0  0/0    14:58   0:05   0:00 

3 Stars

1 - Morgan Geekie (SEA)
2 - Vladislav Namestnikov (SEA)
3 - Semyon Varlamov (SEA)

Power Play

SEATTLE GRUNGE - 1 on 4 Attempt(s) - 25,00%
COLORADO GLACIERCATS - 0 on 2 Attempt(s) - 0,00%

Penalty Kill

SEATTLE GRUNGE - 2 on 2 Attempt(s) - 100,00% - Score 0 goal in Penalty Kill
COLORADO GLACIERCATS - 3 on 4 Attempt(s) - 75,00% - Score 0 goal in Penalty Kill

Team Stat

SEATTLE GRUNGE - Hits : 9 - Faceoff Wins : 28 - Blocked Shots : 13 - Penalty Minutes : 4
COLORADO GLACIERCATS - Hits : 13 - Faceoff Wins : 39 - Blocked Shots : 7 - Penalty Minutes : 8

Official

Referees : Steve Kozari and Conor O'Donnell
Linesman : Brian Mach and Brent Colby

Game Notes

No Game Note

Finance

Level 1 -- Attendance: 7598 (89,39%) -- Ticket Income 1 101 710 $
Level 2 -- Attendance: 5067 (84,45%) -- Ticket Income 572 571 $
Level 3 -- Attendance: 2975 (99,17%) -- Ticket Income 235 025 $
Level 4 -- Attendance: 4949 (98,98%) -- Ticket Income 296 940 $
Luxury Box -- Attendance: 1059 (96,27%) -- Ticket Income 336 762 $
Game was played at the GC Place.
Total Attendance: 21648 (91,73%)
Total Ticket Income: 2 543 008 $
Other Expense: 25 430 $
Total Income: 2 517 578 $

SEATTLE GRUNGE

5 vs 5 Forward 
   Center                   Left Wing                Right Wing               Time % Phy DF OF 
 1 Chris Tierney            Jake Guentzel            Josh Bailey              37     1   2  2  
 2 Tyler Seguin             Mike Hoffman             Wayne Simmonds           37     1   2  2  
 3 Morgan Geekie            Carl Hagelin             Vladislav Namestnikov    21     1   2  2  
 4 Jason Spezza             Trevor Lewis             Marcus Sorensen          5      1   2  2  

5 vs 5 Defense 
   Defense                  Defense                                           Time % Phy DF OF 
 1 Roman Josi               David Savard                                      40     1   2  2  
 2 Damon Severson           Travis Sanheim                                    39     1   2  2  
 3 Matthew Grzelcyk         Slater Koekkoek                                   21     1   2  2  
 4 Roman Josi               Damon Severson                                    0      1   2  2  

PowerPlay Forward 
   Center                   Left Wing                Right Wing               Time % Phy DF OF 
 1 Chris Tierney            Jake Guentzel            Josh Bailey              55     1   1  3  
 2 Tyler Seguin             Mike Hoffman             Wayne Simmonds           45     1   1  3  

PowerPlay Defense
   Defense                  Defense                                           Time % Phy DF OF 
 1 Roman Josi               Damon Severson                                    55     0   2  3  
 2 David Savard             Travis Sanheim                                    45     0   2  3  

Penalty Kill 4 Players Forward 
   Center                   Wing                     Time % Phy DF OF 
 1 Morgan Geekie            Vladislav Namestnikov    55     1   4  0  
 2 Jason Spezza             Carl Hagelin             45     1   4  0  

Penalty Kill 4 Players Defense
   Defense                  Defense                  Time % Phy DF OF 
 1 Roman Josi               David Savard             55     1   3  1  
 2 Damon Severson           Travis Sanheim           45     1   3  1  

Penalty Kill - 3 Players Forward 
   Forward                                           Time % Phy DF OF 
 1 Chris Tierney                                     55     0   5  0  
 2 Morgan Geekie                                     45     0   5  0  

Penalty Kill - 3 Players Defense
   Defense                  Defense                  Time % Phy DF OF 
 1 Roman Josi               Damon Severson           55     1   4  0  
 2 David Savard             Travis Sanheim           45     1   4  0  

4 vs 4 Forward 
   Center                   Wing                     Time % Phy DF OF 
 1 Tyler Seguin             Jake Guentzel            55     1   2  2  
 2 Chris Tierney            Josh Bailey              45     1   2  2  

4 vs 4 Defense
   Defense                  Defense                  Time % Phy DF OF 
 1 Roman Josi               David Savard             55     1   2  2  
 2 Damon Severson           Travis Sanheim           45     1   2  2  

Last Minutes Offensive
   Center                   Left Wing                Right Wing               Defense                  Defense                  
   Tyler Seguin             Jake Guentzel            Mike Hoffman             Roman Josi               Damon Severson           

Last Minutes Defensive
   Center                   Left Wing                Right Wing               Defense                  Defense                  
   Chris Tierney            Jake Guentzel            Josh Bailey              Roman Josi               Damon Severson           

Goaltenders
Starting : Semyon Varlamov          
Backup : Jimmy Howard             

Extra Forwards
Normal : Tyler Seguin, Jake Guentzel, Mike Hoffman - PP : Tyler Seguin, Jake Guentzel - PK : Carl Hagelin
Extra Defensemen
Normal : Matthew Grzelcyk, Slater Koekkoek, Damon Severson - PP : Matthew Grzelcyk - PK : Slater Koekkoek, Damon Severson
Penalty Shots
Jake Guentzel, Mike Hoffman, Josh Bailey, Chris Tierney, Tyler Seguin
Custom OT Lines Forwards
Mike Hoffman, Jake Guentzel, Josh Bailey, Tyler Seguin, Vladislav Namestnikov, Chris Tierney, Morgan Geekie, Wayne Simmonds, Carl Hagelin, Jason Spezza
Custom OT Lines Defensemen
Roman Josi, David Savard, Damon Severson, Travis Sanheim, Matthew Grzelcyk

Scratches
Brian Boyle (Sprained Right Ankle Injury), Ryan Reaves (Healthy)

COLORADO GLACIERCATS

5 vs 5 Forward 
   Center                   Left Wing                Right Wing               Time % Phy DF OF 
 1 Leon Draisaitl           Dustin Brown             Brayden Schenn           37     0   3  2  
 2 Tomas Hertl              Alex Iafallo             Joonas Donskoi           35     0   3  2  
 3 Cedric Paquette          Scott Laughton           Luke Glendening          25     0   4  1  
 4 Sam Gagner               Ross Johnston            Brayden Schenn           3      0   4  1  

5 vs 5 Defense 
   Defense                  Defense                                           Time % Phy DF OF 
 1 Ryan Ellis               Devon Toews                                       38     0   4  1  
 2 Johnny Boychuk           Erik Johnson                                      35     1   4  0  
 3 Michael Matheson         Zach Bogosian                                     27     1   4  0  
 4 Erik Johnson             Ryan Ellis                                        0      0   3  2  

PowerPlay Forward 
   Center                   Left Wing                Right Wing               Time % Phy DF OF 
 1 Tomas Hertl              Brayden Schenn           Leon Draisaitl           50     1   0  4  
 2 Scott Laughton           Alex Iafallo             Leon Draisaitl           50     1   1  3  

PowerPlay Defense
   Defense                  Defense                                           Time % Phy DF OF 
 1 Ryan Ellis               Devon Toews                                       50     0   1  4  
 2 Erik Johnson             Ryan Ellis                                        50     0   2  3  

Penalty Kill 4 Players Forward 
   Center                   Wing                     Time % Phy DF OF 
 1 Tomas Hertl              Joonas Donskoi           50     0   4  1  
 2 Luke Glendening          Scott Laughton           50     0   4  1  

Penalty Kill 4 Players Defense
   Defense                  Defense                  Time % Phy DF OF 
 1 Ryan Ellis               Johnny Boychuk           40     1   4  0  
 2 Erik Johnson             Michael Matheson         60     1   4  0  

Penalty Kill - 3 Players Forward 
   Forward                                           Time % Phy DF OF 
 1 Tomas Hertl                                       50     0   5  0  
 2 Brayden Schenn                                    50     0   5  0  

Penalty Kill - 3 Players Defense
   Defense                  Defense                  Time % Phy DF OF 
 1 Ryan Ellis               Michael Matheson         50     0   5  0  
 2 Johnny Boychuk           Erik Johnson             50     0   5  0  

4 vs 4 Forward 
   Center                   Wing                     Time % Phy DF OF 
 1 Leon Draisaitl           Joonas Donskoi           50     0   1  4  
 2 Tomas Hertl              Brayden Schenn           50     0   1  4  

4 vs 4 Defense
   Defense                  Defense                  Time % Phy DF OF 
 1 Johnny Boychuk           Ryan Ellis               50     0   3  2  
 2 Erik Johnson             Devon Toews              50     0   3  2  

Last Minutes Offensive
   Center                   Left Wing                Right Wing               Defense                  Defense                  
   Tomas Hertl              Brayden Schenn           Leon Draisaitl           Ryan Ellis               Devon Toews              

Last Minutes Defensive
   Center                   Left Wing                Right Wing               Defense                  Defense                  
   Tomas Hertl              Leon Draisaitl           Luke Glendening          Ryan Ellis               Erik Johnson             

Goaltenders
Starting : Darcy Kuemper            
Backup : David Rittich            

Extra Forwards
Normal : Brayden Schenn, Tomas Hertl, Dustin Brown - PP : Joonas Donskoi, Tomas Hertl - PK : Cedric Paquette
Extra Defensemen
Normal : Erik Johnson, Johnny Boychuk, Zach Bogosian - PP : Johnny Boychuk - PK : Devon Toews, Zach Bogosian
Penalty Shots
Leon Draisaitl, Brayden Schenn, Tomas Hertl, Joonas Donskoi, Scott Laughton
Custom OT Lines Forwards
Leon Draisaitl, Tomas Hertl, Brayden Schenn, Alex Iafallo, Dustin Brown, Scott Laughton, Joonas Donskoi, Luke Glendening, Cedric Paquette, Sam Gagner
Custom OT Lines Defensemen
Ryan Ellis, Erik Johnson, Devon Toews, Johnny Boychuk, Michael Matheson

Scratches
Jordan Martinook (Left Eye Injury)

% Time on Ice - SEATTLE GRUNGE

Lines # - Real PCT - Wanted PCT - Time Play
Normal Forward
1 - 32% - 37% - 16:04
2 - 33% - 37% - 16:20
3 - 24% - 21% - 12:11
4 - 11% - 5% - 5:19
Normal Defense
1 - 37% - 40% - 18:25
2 - 35% - 39% - 17:13
3 - 29% - 21% - 14:16
4 - 0% - 0% - 0:00
PP Forward
1 - 60% - 55% - 3:42
2 - 40% - 45% - 2:26
PP Defense
1 - 63% - 55% - 3:52
2 - 37% - 45% - 2:16
PK Forward
1 - 63% - 55% - 2:31
2 - 37% - 45% - 1:27
PK Defense
1 - 61% - 55% - 2:25
2 - 39% - 45% - 1:33
PK3 Forward
1 - 0% - 55%
2 - 0% - 45%
PK3 Defense
1 - 0% - 55%
2 - 0% - 45%
44 Forward
1 - 0% - 55%
2 - 0% - 45%
44 Defense
1 - 0% - 55%
2 - 0% - 45%
Last Minute Offensive  - 0:00
Last Minute Defensive  - 0:00
Total
Forward - 60:00
Defense - 60:00

% Time on Ice - COLORADO GLACIERCATS

Lines # - Real PCT - Wanted PCT - Time Play
Normal Forward
1 - 33% - 37% - 16:29
2 - 33% - 35% - 16:18
3 - 27% - 25% - 13:14
4 - 8% - 3% - 3:53
Normal Defense
1 - 34% - 38% - 16:45
2 - 34% - 35% - 17:05
3 - 30% - 27% - 14:53
4 - 2% - 0% - 1:11
PP Forward
1 - 56% - 50% - 2:14
2 - 44% - 50% - 1:44
PP Defense
1 - 47% - 50% - 1:53
2 - 53% - 50% - 2:05
PK Forward
1 - 55% - 50% - 3:24
2 - 45% - 50% - 2:44
PK Defense
1 - 49% - 40% - 3:02
2 - 51% - 60% - 3:06
PK3 Forward
1 - 0% - 50%
2 - 0% - 50%
PK3 Defense
1 - 0% - 50%
2 - 0% - 50%
44 Forward
1 - 0% - 50%
2 - 0% - 50%
44 Defense
1 - 0% - 50%
2 - 0% - 50%
Last Minute Offensive  - 0:00
Last Minute Defensive  - 0:00
Total
Forward - 60:00
Defense - 60:00

Play-by-Play

1st period


0:01 of 1st period - Leon Draisaitl wins face-off versus Chris Tierney in neutral zone.
0:08 of 1st period - Shot by Dustin Brown.
0:08 of 1st period - Stopped by Semyon Varlamov without a rebound.
0:09 of 1st period - Tyler Seguin wins face-off versus Tomas Hertl in SEATTLE GRUNGE zone.
0:50 of 1st period - Shot by Tomas Hertl.
0:50 of 1st period - Stopped by Semyon Varlamov with a rebound.
1:43 of 1st period - Off-side.
1:44 of 1st period - Cedric Paquette wins face-off versus Morgan Geekie in neutral zone.
2:51 of 1st period - Shot by Roman Josi.
2:51 of 1st period - Shot Misses the Net.
3:03 of 1st period - Shot by Ryan Ellis.
3:03 of 1st period - Shot Misses the Net.
3:05 of 1st period - Shot by Ryan Ellis.
3:05 of 1st period - Shot Blocked by Roman Josi.
3:07 of 1st period - Shot by Ryan Ellis.
3:07 of 1st period - Shot Blocked by David Savard.
3:09 of 1st period - Shot by Ryan Ellis.
3:09 of 1st period - Shot Blocked by David Savard.
3:50 of 1st period - Off-side.
3:51 of 1st period - Joonas Donskoi wins face-off versus Chris Tierney in neutral zone.
4:20 of 1st period - Shot by Tomas Hertl.
4:20 of 1st period - Shot Misses the Net.
4:22 of 1st period - Shot by Johnny Boychuk.
4:22 of 1st period - Shot Blocked by Damon Severson.
4:39 of 1st period - Icing by Damon Severson.
4:40 of 1st period - Leon Draisaitl wins face-off versus Chris Tierney in SEATTLE GRUNGE zone.
4:55 of 1st period - Shot by Dustin Brown.
4:55 of 1st period - Shot Misses the Net.
4:57 of 1st period - Shot by Michael Matheson.
4:57 of 1st period - Shot Blocked by Damon Severson.
4:59 of 1st period - Shot by Zach Bogosian.
4:59 of 1st period - Shot Misses the Net.
7:04 of 1st period - Shot by Vladislav Namestnikov.
7:04 of 1st period - Shot Misses the Net.
7:06 of 1st period - Shot by Vladislav Namestnikov.
7:06 of 1st period - Stopped by Darcy Kuemper without a rebound.
7:07 of 1st period - Jason Spezza wins face-off versus Dustin Brown in COLORADO GLACIERCATS zone.
7:14 of 1st period - Shot by Dustin Brown.
7:14 of 1st period - Shot Blocked by David Savard.
7:16 of 1st period - Shot by Leon Draisaitl.
7:16 of 1st period - Stopped by Semyon Varlamov without a rebound.
7:17 of 1st period - Leon Draisaitl wins face-off versus Morgan Geekie in SEATTLE GRUNGE zone.
7:20 of 1st period - Shot by Brayden Schenn.
7:20 of 1st period - Stopped by Semyon Varlamov with a rebound.
7:22 of 1st period - Shot by Ryan Ellis.
7:22 of 1st period - Shot Misses the Net.
7:24 of 1st period - Shot by Ryan Ellis.
7:24 of 1st period - Stopped by Semyon Varlamov without a rebound.
7:25 of 1st period - Sam Gagner wins face-off versus Morgan Geekie in SEATTLE GRUNGE zone.
7:37 of 1st period - Off-side.
7:38 of 1st period - Tyler Seguin wins face-off versus Cedric Paquette in neutral zone.
7:44 of 1st period - Shot by Wayne Simmonds.
7:44 of 1st period - Stopped by Darcy Kuemper with a rebound.
7:46 of 1st period - Shot by Mike Hoffman.
7:46 of 1st period - Shot Misses the Net.
7:48 of 1st period - Shot by Tyler Seguin.
7:48 of 1st period - Deflect By Mike Hoffman.
7:48 of 1st period - Stopped by Darcy Kuemper without a rebound.
7:49 of 1st period - Leon Draisaitl wins face-off versus Morgan Geekie in COLORADO GLACIERCATS zone.
7:56 of 1st period - Vladislav Namestnikov is hit by Dustin Brown and loses puck.
8:02 of 1st period - Off-side.
8:03 of 1st period - Tyler Seguin wins face-off versus Cedric Paquette in neutral zone.
8:34 of 1st period - Shot by Mike Hoffman.
8:34 of 1st period - Shot Misses the Net.
8:44 of 1st period - Shot by Luke Glendening.
8:44 of 1st period - Shot Misses the Net.
9:23 of 1st period - Icing by Wayne Simmonds.
9:24 of 1st period - Tyler Seguin wins face-off versus Tomas Hertl in SEATTLE GRUNGE zone.
9:57 of 1st period - Shot by Tomas Hertl.
9:57 of 1st period - Stopped by Semyon Varlamov without a rebound.
9:58 of 1st period - Chris Tierney wins face-off versus Leon Draisaitl in SEATTLE GRUNGE zone.
10:07 of 1st period - Double Minor Penalty to Devon Toews for High sticking.
10:08 of 1st period - Luke Glendening wins face-off versus Jake Guentzel in COLORADO GLACIERCATS zone.
10:15 of 1st period - Shot by Jake Guentzel.
10:15 of 1st period - Shot Blocked by Luke Glendening.
10:17 of 1st period - Shot by Josh Bailey.
10:17 of 1st period - Stopped by Darcy Kuemper without a rebound.
10:18 of 1st period - Jake Guentzel wins face-off versus Tomas Hertl in COLORADO GLACIERCATS zone.
10:33 of 1st period - Shot by Roman Josi.
10:33 of 1st period - Stopped by Darcy Kuemper without a rebound.
10:34 of 1st period - Chris Tierney wins face-off versus Luke Glendening in COLORADO GLACIERCATS zone.
10:39 of 1st period - Shot by Jake Guentzel.
10:39 of 1st period - Stopped by Darcy Kuemper with a rebound.
10:41 of 1st period - Shot by Roman Josi.
10:41 of 1st period - Shot Misses the Net.
12:10 of 1st period - Icing by David Savard.
12:11 of 1st period - Tomas Hertl wins face-off versus Tyler Seguin in SEATTLE GRUNGE zone.
12:15 of 1st period - Icing by David Savard.
12:16 of 1st period - Tyler Seguin wins face-off versus Luke Glendening in SEATTLE GRUNGE zone.
12:30 of 1st period - Erik Johnson is hit by Wayne Simmonds and loses puck.
13:16 of 1st period - Shot by Roman Josi.
13:16 of 1st period - Stopped by Darcy Kuemper without a rebound.
13:17 of 1st period - Chris Tierney wins face-off versus Luke Glendening in COLORADO GLACIERCATS zone.
13:24 of 1st period - Shot by Roman Josi.
13:24 of 1st period - Shot Misses the Net.
14:07 of 1st period - Shot by Mike Hoffman.
14:07 of 1st period - Shot Blocked by Ryan Ellis.
14:09 of 1st period - Shot by Vladislav Namestnikov.
14:09 of 1st period - Shot Misses the Net.
14:19 of 1st period - Shot by Vladislav Namestnikov.
14:19 of 1st period - Shot Misses the Net.
14:30 of 1st period - Shot by Vladislav Namestnikov.
14:30 of 1st period - Goal by Vladislav Namestnikov - SEATTLE GRUNGE : 1 - COLORADO GLACIERCATS : 0.
14:31 of 1st period - Cedric Paquette wins face-off versus Jason Spezza in neutral zone.
14:38 of 1st period - Shot by Cedric Paquette.
14:38 of 1st period - Shot Blocked by David Savard.
14:48 of 1st period - Shot by Scott Laughton.
14:48 of 1st period - Shot Misses the Net.
14:54 of 1st period - Shot by Luke Glendening.
14:54 of 1st period - Shot Misses the Net.
14:56 of 1st period - Shot by Zach Bogosian.
14:56 of 1st period - Shot Misses the Net.
15:49 of 1st period - Shot by Morgan Geekie.
15:49 of 1st period - Deflect By Vladislav Namestnikov.
15:49 of 1st period - Stopped by Darcy Kuemper without a rebound.
15:50 of 1st period - Tomas Hertl wins face-off versus Chris Tierney in COLORADO GLACIERCATS zone.
16:09 of 1st period - Shot by Joonas Donskoi.
16:09 of 1st period - Shot Blocked by Travis Sanheim.
16:21 of 1st period - Shot by Jake Guentzel.
16:21 of 1st period - Shot Misses the Net.
17:01 of 1st period - Shot by Wayne Simmonds.
17:01 of 1st period - Stopped by Darcy Kuemper without a rebound.
17:02 of 1st period - Leon Draisaitl wins face-off versus Morgan Geekie in COLORADO GLACIERCATS zone.
17:21 of 1st period - Shot by Carl Hagelin.
17:21 of 1st period - Shot Blocked by Zach Bogosian.
17:23 of 1st period - Shot by Vladislav Namestnikov.
17:23 of 1st period - Deflect By Morgan Geekie.
17:23 of 1st period - Goal by Morgan Geekie - SEATTLE GRUNGE : 2 - COLORADO GLACIERCATS : 0.
17:24 of 1st period - Cedric Paquette wins face-off versus Tyler Seguin in neutral zone.
17:32 of 1st period - Icing by Wayne Simmonds.
17:33 of 1st period - Tyler Seguin wins face-off versus Leon Draisaitl in SEATTLE GRUNGE zone.
17:48 of 1st period - Shot by Brayden Schenn.
17:48 of 1st period - Shot Misses the Net.
17:50 of 1st period - Shot by Johnny Boychuk.
17:50 of 1st period - Stopped by Semyon Varlamov without a rebound.
17:51 of 1st period - Luke Glendening wins face-off versus Chris Tierney in SEATTLE GRUNGE zone.
17:51 of 1st period - Scott Laughton is hit by David Savard and loses puck.
18:23 of 1st period - Chris Tierney is hit by Michael Matheson and loses puck.
18:47 of 1st period - Icing by Roman Josi.
18:48 of 1st period - Tomas Hertl wins face-off versus Chris Tierney in SEATTLE GRUNGE zone.
19:06 of 1st period - Shot by Joonas Donskoi.
19:06 of 1st period - Shot Misses the Net.
19:10 of 1st period - Shot by Alex Iafallo.
19:10 of 1st period - Shot Misses the Net.
19:12 of 1st period - Shot by Erik Johnson.
19:12 of 1st period - Stopped by Semyon Varlamov without a rebound.
19:13 of 1st period - Leon Draisaitl wins face-off versus Tyler Seguin in SEATTLE GRUNGE zone.
19:26 of 1st period - Shot by Leon Draisaitl.
19:26 of 1st period - Stopped by Semyon Varlamov without a rebound.
19:27 of 1st period - Tomas Hertl wins face-off versus Morgan Geekie in SEATTLE GRUNGE zone.
Goals for this period are 2 for SEATTLE GRUNGE vs 0 for COLORADO GLACIERCATS.
Shots for this period are 11 for SEATTLE GRUNGE vs 9 for COLORADO GLACIERCATS.

2nd period


0:01 of 2nd period - Leon Draisaitl wins face-off versus Mike Hoffman in neutral zone.
0:23 of 2nd period - Minor Penalty to Ryan Ellis for Tripping.
0:24 of 2nd period - Luke Glendening wins face-off versus Chris Tierney in COLORADO GLACIERCATS zone.
1:57 of 2nd period - Shot by Tyler Seguin.
1:57 of 2nd period - Stopped by Darcy Kuemper without a rebound.
1:58 of 2nd period - Tomas Hertl wins face-off versus Chris Tierney in COLORADO GLACIERCATS zone.
2:11 of 2nd period - Shot by Josh Bailey.
2:11 of 2nd period - Shot Misses the Net.
2:13 of 2nd period - Shot by Josh Bailey.
2:13 of 2nd period - Deflect By Jake Guentzel.
2:13 of 2nd period - Shot Misses the Net.
2:31 of 2nd period - Shot by Morgan Geekie.
2:31 of 2nd period - Stopped by Darcy Kuemper without a rebound.
2:32 of 2nd period - Morgan Geekie wins face-off versus Leon Draisaitl in COLORADO GLACIERCATS zone.
2:42 of 2nd period - Morgan Geekie is hit by Ryan Ellis.
2:48 of 2nd period - Shot by Morgan Geekie.
2:48 of 2nd period - Shot Misses the Net.
2:50 of 2nd period - Shot by Carl Hagelin.
2:50 of 2nd period - Stopped by Darcy Kuemper without a rebound.
2:51 of 2nd period - Tyler Seguin wins face-off versus Tomas Hertl in COLORADO GLACIERCATS zone.
2:51 of 2nd period - Mike Hoffman is hit by Johnny Boychuk and loses puck.
2:55 of 2nd period - Icing by Tomas Hertl.
2:56 of 2nd period - Tyler Seguin wins face-off versus Tomas Hertl in COLORADO GLACIERCATS zone.
3:01 of 2nd period - Shot by Mike Hoffman.
3:01 of 2nd period - Stopped by Darcy Kuemper without a rebound.
3:02 of 2nd period - Leon Draisaitl wins face-off versus Chris Tierney in COLORADO GLACIERCATS zone.
3:33 of 2nd period - Shot by Dustin Brown.
3:33 of 2nd period - Shot Misses the Net.
4:05 of 2nd period - Shot by Wayne Simmonds.
4:05 of 2nd period - Shot Blocked by Johnny Boychuk.
4:07 of 2nd period - Shot by Damon Severson.
4:07 of 2nd period - Stopped by Darcy Kuemper with a rebound.
4:09 of 2nd period - Shot by Damon Severson.
4:09 of 2nd period - Shot Misses the Net.
4:21 of 2nd period - Shot by Wayne Simmonds.
4:21 of 2nd period - Shot Misses the Net.
6:35 of 2nd period - Shot by Jake Guentzel.
6:35 of 2nd period - Stopped by Darcy Kuemper without a rebound.
6:36 of 2nd period - Brayden Schenn wins face-off versus Jason Spezza in COLORADO GLACIERCATS zone.
6:48 of 2nd period - Icing by Travis Sanheim.
6:49 of 2nd period - Tomas Hertl wins face-off versus Jason Spezza in SEATTLE GRUNGE zone.
8:05 of 2nd period - Shot by Roman Josi.
8:05 of 2nd period - Shot Blocked by Erik Johnson.
8:16 of 2nd period - Minor Penalty to David Savard for Hooking.
8:17 of 2nd period - Scott Laughton wins face-off versus Morgan Geekie in SEATTLE GRUNGE zone.
8:18 of 2nd period - Shot by Leon Draisaitl.
8:18 of 2nd period - Shot Misses the Net.
8:37 of 2nd period - Shot by Johnny Boychuk.
8:37 of 2nd period - Stopped by Semyon Varlamov without a rebound.
8:38 of 2nd period - Tomas Hertl wins face-off versus Morgan Geekie in SEATTLE GRUNGE zone.
8:49 of 2nd period - Shot by Leon Draisaitl.
8:49 of 2nd period - Shot Misses the Net.
9:01 of 2nd period - Damon Severson is hit by Brayden Schenn and loses puck.
9:06 of 2nd period - Shot by Leon Draisaitl.
9:06 of 2nd period - Shot Misses the Net.
9:48 of 2nd period - Off-side.
9:49 of 2nd period - Jason Spezza wins face-off versus Tomas Hertl in neutral zone.
11:24 of 2nd period - Mike Hoffman is hit by Erik Johnson and loses puck.
11:31 of 2nd period - Shot by Sam Gagner.
11:31 of 2nd period - Deflect By Brayden Schenn.
11:31 of 2nd period - Shot Misses the Net.
13:17 of 2nd period - Icing by Travis Sanheim.
13:18 of 2nd period - Leon Draisaitl wins face-off versus Jason Spezza in SEATTLE GRUNGE zone.
14:24 of 2nd period - Josh Bailey is hit by Erik Johnson and loses puck.
15:05 of 2nd period - Shot by Tyler Seguin.
15:05 of 2nd period - Stopped by Darcy Kuemper with a rebound.
15:38 of 2nd period - Shot by Damon Severson.
15:38 of 2nd period - Stopped by Darcy Kuemper without a rebound.
15:39 of 2nd period - Sam Gagner wins face-off versus Jason Spezza in COLORADO GLACIERCATS zone.
15:39 of 2nd period - Sam Gagner is hit by Trevor Lewis.
16:18 of 2nd period - Off-side.
16:19 of 2nd period - Chris Tierney wins face-off versus Tomas Hertl in neutral zone.
16:26 of 2nd period - Shot by Josh Bailey.
16:26 of 2nd period - Shot Misses the Net.
16:40 of 2nd period - Shot by Jake Guentzel.
16:40 of 2nd period - Shot Misses the Net.
16:42 of 2nd period - Shot by Jake Guentzel.
16:42 of 2nd period - Shot Misses the Net.
16:44 of 2nd period - Shot by Roman Josi.
16:44 of 2nd period - Stopped by Darcy Kuemper without a rebound.
16:45 of 2nd period - Tyler Seguin wins face-off versus Dustin Brown in COLORADO GLACIERCATS zone.
16:46 of 2nd period - Shot by Mike Hoffman.
16:46 of 2nd period - Shot Blocked by Erik Johnson.
16:52 of 2nd period - Shot by Wayne Simmonds.
16:52 of 2nd period - Shot Blocked by Erik Johnson.
17:44 of 2nd period - Icing by Erik Johnson.
17:45 of 2nd period - Leon Draisaitl wins face-off versus Josh Bailey in COLORADO GLACIERCATS zone.
17:49 of 2nd period - Icing by Leon Draisaitl.
17:50 of 2nd period - Leon Draisaitl wins face-off versus Chris Tierney in COLORADO GLACIERCATS zone.
17:54 of 2nd period - Dustin Brown is hit by David Savard and loses puck.
19:04 of 2nd period - Icing by Johnny Boychuk.
19:05 of 2nd period - Leon Draisaitl wins face-off versus Tyler Seguin in COLORADO GLACIERCATS zone.
19:22 of 2nd period - Shot by Wayne Simmonds.
19:22 of 2nd period - Stopped by Darcy Kuemper without a rebound.
19:23 of 2nd period - Morgan Geekie wins face-off versus Tomas Hertl in COLORADO GLACIERCATS zone.
19:31 of 2nd period - Icing by Ryan Ellis.
19:32 of 2nd period - Tomas Hertl wins face-off versus Chris Tierney in COLORADO GLACIERCATS zone.
19:48 of 2nd period - Minor Penalty to Travis Sanheim for Slashing.
19:49 of 2nd period - Morgan Geekie wins face-off versus Joonas Donskoi in SEATTLE GRUNGE zone.
19:58 of 2nd period - Shot by Alex Iafallo.
19:58 of 2nd period - Stopped by Semyon Varlamov without a rebound.
19:59 of 2nd period - Morgan Geekie wins face-off versus Scott Laughton in SEATTLE GRUNGE zone.
Goals for this period are 0 for SEATTLE GRUNGE vs 0 for COLORADO GLACIERCATS.
Shots for this period are 10 for SEATTLE GRUNGE vs 2 for COLORADO GLACIERCATS.

3rd period


0:01 of 3rd period - Brayden Schenn wins face-off versus Morgan Geekie in neutral zone.
0:26 of 3rd period - Shot by Brayden Schenn.
0:26 of 3rd period - Shot Misses the Net.
0:48 of 3rd period - Shot by Brayden Schenn.
0:48 of 3rd period - Stopped by Semyon Varlamov without a rebound.
0:49 of 3rd period - Scott Laughton wins face-off versus Jason Spezza in SEATTLE GRUNGE zone.
0:52 of 3rd period - Shot by Alex Iafallo.
0:52 of 3rd period - Shot Misses the Net.
0:54 of 3rd period - Shot by Leon Draisaitl.
0:54 of 3rd period - Shot Blocked by Carl Hagelin.
0:56 of 3rd period - Shot by Erik Johnson.
0:56 of 3rd period - Stopped by Semyon Varlamov without a rebound.
0:57 of 3rd period - Jason Spezza wins face-off versus Scott Laughton in SEATTLE GRUNGE zone.
1:07 of 3rd period - Icing by Leon Draisaitl.
1:08 of 3rd period - Morgan Geekie wins face-off versus Scott Laughton in COLORADO GLACIERCATS zone.
1:09 of 3rd period - Shot by Damon Severson.
1:09 of 3rd period - Stopped by Darcy Kuemper with a rebound.
1:25 of 3rd period - Shot by Ryan Ellis.
1:25 of 3rd period - Shot Blocked by Damon Severson.
1:27 of 3rd period - Shot by Ryan Ellis.
1:27 of 3rd period - Stopped by Semyon Varlamov without a rebound.
1:28 of 3rd period - Carl Hagelin wins face-off versus Brayden Schenn in SEATTLE GRUNGE zone.
1:42 of 3rd period - Shot by Leon Draisaitl.
1:42 of 3rd period - Shot Misses the Net.
2:05 of 3rd period - Jake Guentzel is hit by Cedric Paquette and loses puck.
2:46 of 3rd period - Shot by Tyler Seguin.
2:46 of 3rd period - Shot Misses the Net.
2:54 of 3rd period - Shot by Roman Josi.
2:54 of 3rd period - Stopped by Darcy Kuemper with a rebound.
3:34 of 3rd period - Shot by Vladislav Namestnikov.
3:34 of 3rd period - Stopped by Darcy Kuemper without a rebound.
3:35 of 3rd period - Tomas Hertl wins face-off versus Morgan Geekie in COLORADO GLACIERCATS zone.
3:58 of 3rd period - Shot by Alex Iafallo.
3:58 of 3rd period - Shot Misses the Net.
4:00 of 3rd period - Shot by Ryan Ellis.
4:00 of 3rd period - Shot Misses the Net.
4:02 of 3rd period - Shot by Tomas Hertl.
4:02 of 3rd period - Stopped by Semyon Varlamov without a rebound.
4:03 of 3rd period - Chris Tierney wins face-off versus Leon Draisaitl in SEATTLE GRUNGE zone.
4:53 of 3rd period - Jake Guentzel is hit by Dustin Brown and loses puck.
5:19 of 3rd period - Mike Hoffman is hit by Erik Johnson and loses puck.
5:32 of 3rd period - Erik Johnson is hit by Wayne Simmonds and loses puck.
6:03 of 3rd period - Icing by Roman Josi.
6:04 of 3rd period - Tomas Hertl wins face-off versus Tyler Seguin in SEATTLE GRUNGE zone.
6:11 of 3rd period - Shot by Tomas Hertl.
6:11 of 3rd period - Shot Misses the Net.
6:55 of 3rd period - Icing by Morgan Geekie.
6:56 of 3rd period - Cedric Paquette wins face-off versus Morgan Geekie in SEATTLE GRUNGE zone.
7:00 of 3rd period - Luke Glendening is hit by Matthew Grzelcyk and loses puck.
7:15 of 3rd period - Shot by Luke Glendening.
7:15 of 3rd period - Shot Misses the Net.
7:55 of 3rd period - Shot by Brayden Schenn.
7:55 of 3rd period - Stopped by Semyon Varlamov without a rebound.
7:56 of 3rd period - Tomas Hertl wins face-off versus Chris Tierney in SEATTLE GRUNGE zone.
8:00 of 3rd period - Joonas Donskoi is hit by Damon Severson and loses puck.
8:04 of 3rd period - Icing by Damon Severson.
8:05 of 3rd period - Chris Tierney wins face-off versus Tomas Hertl in SEATTLE GRUNGE zone.
8:14 of 3rd period - Shot by Joonas Donskoi.
8:14 of 3rd period - Shot Misses the Net.
8:26 of 3rd period - Erik Johnson is hit by Chris Tierney and loses puck.
8:32 of 3rd period - Josh Bailey is hit by Erik Johnson and loses puck.
9:15 of 3rd period - Icing by Roman Josi.
9:16 of 3rd period - Tyler Seguin wins face-off versus Leon Draisaitl in SEATTLE GRUNGE zone.
10:59 of 3rd period - Icing by Brayden Schenn.
11:00 of 3rd period - Sam Gagner wins face-off versus Chris Tierney in COLORADO GLACIERCATS zone.
11:06 of 3rd period - Off-side.
11:07 of 3rd period - Chris Tierney wins face-off versus Joonas Donskoi in neutral zone.
12:31 of 3rd period - Shot by Vladislav Namestnikov.
12:31 of 3rd period - Stopped by Darcy Kuemper with a rebound.
12:34 of 3rd period - Vladislav Namestnikov is hit by Johnny Boychuk and loses puck.
12:38 of 3rd period - Minor Penalty to Johnny Boychuk for Hooking.
12:39 of 3rd period - Tyler Seguin wins face-off versus Tomas Hertl in COLORADO GLACIERCATS zone.
12:39 of 3rd period - Roman Josi is hit by Ryan Ellis and loses puck.
12:48 of 3rd period - Shot by Roman Josi.
12:48 of 3rd period - Goal by Roman Josi - SEATTLE GRUNGE : 3 - COLORADO GLACIERCATS : 0.
12:49 of 3rd period - Leon Draisaitl wins face-off versus Jason Spezza in neutral zone.
14:59 of 3rd period - Shot by Scott Laughton.
14:59 of 3rd period - Shot Misses the Net.
15:29 of 3rd period - Shot by Cedric Paquette.
15:29 of 3rd period - Deflect By Luke Glendening.
15:29 of 3rd period - Shot Blocked by Damon Severson.
16:18 of 3rd period - Shot by Tyler Seguin.
16:18 of 3rd period - Shot Misses the Net.
18:10 of 3rd period - Shot by Scott Laughton.
18:10 of 3rd period - Shot Misses the Net.
18:35 of 3rd period - Shot by Cedric Paquette.
18:35 of 3rd period - Shot Blocked by Slater Koekkoek.
18:58 of 3rd period - Dustin Brown is hit by Slater Koekkoek.
19:08 of 3rd period - Shot by Brayden Schenn.
19:08 of 3rd period - Shot Blocked by Matthew Grzelcyk.
Goals for this period are 1 for SEATTLE GRUNGE vs 0 for COLORADO GLACIERCATS.
Shots for this period are 5 for SEATTLE GRUNGE vs 5 for COLORADO GLACIERCATS.


SEBASTIAN
AHO
MARK
SCHEIFELE
JAKE
OETTINGER

EAST COAST

HOCKEY LEAGUE

  • 17.QUE3CHI2
  • 18.CHA2LIM4
  • 19.TRV3LON2
  • 20.CHW1BAL2
  • 21.PITMAN
  • 22.ATLNHW
  • 23.WORPET
  • 24.RHI